 Dungeon Crawl Stone Soup version 0.27-a0-1137-g3ef0f4ec91 (webtiles) character file.

Game seed: 1935797108536991939

154 reriks the Magician (level 5, -1/38 HPs)
             Began as a Djinni Fire Elementalist on May 7, 2021.
             Was a Believer of Makhleb.
             Slain by an orc wizard
             ... wielding a +0 dagger
              (3 damage)
             ... on level 3 of the Dungeon.
             The game lasted 00:04:38 (5060 turns).

reriks the Magician (Djinni Fire Elementalist)      Turns: 5060, Time: 00:04:39

Health: -1/38      AC:  2    Str:  7    XL:     5   Next: 36%
Gold:   132        EV: 17    Int: 17    God:    Makhleb [**....] SH:  0 Dex: 14

rFire    + + .     SeeInvis .   h - +0 dagger (venom)
rCold    x . .     Faith    .   (no shield)
rNeg     . . .     Spirit   .   a - +0 robe
rPois    ∞         Reflect  .   (no helmet)
rElec    .         Harm     .   (no cloak)
rCorr    .         Rampage  .   (no gloves)
Will     .....                  (boots unavailable)
Stlth    +.........             (no amulet)
HPRegen  0.12/turn              i - ring of wizardry
MPRegen  0.00/turn              j - +4 ring of evasion

@: confused, mighty, flying
A: sickness immunity, fire resistance 2, cold vulnerability 1, float, innate
caster, hp casting, extra vitality 1
a: Renounce Religion, Minor Destruction


You were on level 3 of the Dungeon.
You worshipped Makhleb.
Makhleb was pleased with you.
You visited 1 branch of the dungeon, and saw 3 of its levels.

You collected 132 gold pieces.

Inventory:

Hand Weapons
 h - a +0 dagger of venom (weapon)
Missiles
 e - 5 datura-tipped darts
Armour
 a - a +0 robe (worn)
Jewellery
 g - a +6 ring of strength
 i - a ring of wizardry (left hand)
 j - a +4 ring of evasion (right hand)
 o - a ring of wizardry
Scrolls
 b - 2 scrolls of identify {unknown}
 f - 2 scrolls of teleportation {unknown}
 k - a scroll of enchant weapon {unknown}
 l - a scroll of amnesia {unknown}
 n - a scroll of vulnerability {unknown}
 p - a scroll of brand weapon {unknown}
 q - a scroll of immolation {unknown}
Potions
 c - a potion of magic {unknown}
 d - a potion of might
 m - a potion of degeneration {unknown}
 r - a potion of curing {unknown}


   Skills:
 + Level 2.1 Fighting
 + Level 3.5 Dodging
 - Level 1.5 Stealth
 * Level 4.0 Spellcasting


You couldn't memorise any spells.
You knew the following spells:

 Your Spells              Type           Power      Damage    Failure   Level
a - Foxfire               Conj/Fire      68%        2x1d7     1%          1
b - Conjure Flame         Conj/Fire      17%        6-21      3%          3
c - Inner Flame           Hex/Fire       17%        N/A       3%          3
d - Sticky Flame          Conj/Fire      17%        2d4       12%         4
e - Fireball              Conj/Fire      8%         3d6       32%         5
f - Summon Small Mammal   Summ           68%        N/A       1%          1
g - Corpse Rot            Necr/Air       N/A        N/A       1%          2
Your spell library was empty.

Dungeon Overview and Level Annotations

Branches:
Dungeon (3/15)

Altars:
Makhleb

Annotations:
D:3 2 runed translucent doors


Innate Abilities, Weirdness & Mutations

You are immune to sickness and miasma.
You are immune to poison.
Your flesh is very heat resistant. (rF++)
You are vulnerable to cold. (rC-)
You float through the air rather than walking.
You learn spells naturally, not from books.
Your magical power is your life essence.
You have superior vitality. (+4 HP)


Message History

Casting: Foxfire (safe; 1% risk of failure)
Confirm with . or Enter, or press ? or * to list all spells.
Nothing appears to happen.
The orc priest calls down the wrath of Beogh upon you.
Beogh smites you!
* * * LOW HITPOINT WARNING * * *
Something hits you.
* * * LOW HITPOINT WARNING * * *
The orc priest invokes the aid of Beogh against you.
You struggle to resist.
Something barely misses you.
Okay, then.
It was a potion of might.
You feel very mighty all of a sudden. The orc priest misses you.
Something hits you.
* * * LOW HITPOINT WARNING * * *
You hit the orc priest.
You kill the orc priest!
Makhleb accepts your kill.
You can now harness Makhleb's destructive might.
You feel better. Something hits you.
* * * LOW HITPOINT WARNING * * *
Your Spellcasting skill increases to level 4!
You hit something but do no damage. Something hits you.
* * * LOW HITPOINT WARNING * * *
You miss something. Something barely misses you.
You barely miss something. Something hits you.
* * * LOW HITPOINT WARNING * * *
You miss something. Something barely misses you.
You miss something.
You hear some strange, mumbled words.
You are confused.
Something hits you but does no damage.
Things that are here:
a +0 flail; a +0 leather armour You're too confused to move!
Something hits you but does no damage.
You bump into the rock wall.
Something hits you.
* * * LOW HITPOINT WARNING * * *
You bump into the rock wall.
Something barely misses you.
You bump into the rock wall.
Something hits you.
You die...

####........#####
#######......#
#.####.# ### #.#
#.# #.# #.#
########.#
#.@[..)..#
#{######## #.#
#)# #)# #.. ###


There were no monsters in sight!

Vanquished Creatures
  An orc priest (D:3)
  Jessica (D:3)
  3 adders
  3 worms
  2 dart slugs
  3 orcs (D:3)
  6 ball pythons
  7 bats
  2 endoplasms (D:2)
  A giant cockroach (D:2)
  8 goblins
  3 hobgoblins
  4 jackals (D:3)
  5 kobolds
  A quokka (D:1)
  2 frilled lizards
  4 rats
56 creatures vanquished.

Vanquished Creatures (others)
  154 foxfires
154 creatures vanquished.

Grand Total: 210 creatures vanquished

Notes
Turn   | Place    | Note
-------+----------+-------------------------------------------
     0 | D:1      | reriks the Djinni Fire Elementalist began the quest for the
                  | Orb.
     0 | D:1      | Reached XP level 1. HP: 15/15 MP: 0/0
    43 | D:1      | Found a faded altar of an unknown god.
    78 | D:1      | Became a worshipper of Makhleb the Destroyer
    78 | D:1      | Reached * piety under Makhleb
   477 | D:1      | Reached XP level 2. HP: 21/22 MP: 0/0
   850 | D:1      | Reached skill level 3 in Spellcasting
  1829 | D:2      | Reached skill level 1 in Fighting
  1829 | D:2      | Reached XP level 3. HP: 14/27 MP: 0/0
  1829 | D:2      | Learned a level 1 spell: Summon Small Mammal
  3493 | D:3      | Reached XP level 4. HP: 31/32 MP: 0/0
  3603 | D:3      | Noticed Jessica
  3607 | D:3      | Killed Jessica
  4413 | D:3      | Reached XP level 5. HP: 26/38 MP: 0/0
  4413 | D:3      | Learned a level 2 spell: Corpse Rot
  4984 | D:3      | Found a large runed translucent door.
  4985 | D:3      | Found a large runed translucent door.
  5050 | D:3      | Reached ** piety under Makhleb
  5051 | D:3      | Reached skill level 4 in Spellcasting
  5060 | D:3      | Slain by an orc wizard

Illustrated notes

Levels and vault maps discovered:
D:1:      mushboom_english_gardens, layout_loops_ring, serial_rivers,
          chequers_serial_rivers_large_b, chequers_serial_rivers_micro_b,
          chequers_serial_rivers_micro_a, chequers_serial_rivers_micro_c,
          chequers_serial_rivers_marsh,
          hellmonk_ecumenical_altar_pennies_from_heaven
D:2:      layout_rooms, minivault_25
D:3:      layout_basic, jmf_multi_god_temple2, minmay_misc_feat_four_crosses,
          uniq_jessica

Skill      XL: |  1  2  3  4  5 |
---------------+----------------+-----
Spellcasting   | 3 4 |  4.0
Fighting       | 1 2 |  2.1
Dodging        | 3 |  3.5
Stealth        | |  1.5

Action                   |  1- 3 |  4- 6 || total
-------------------------+-------+-------++-------
Melee: Dagger            |     1 |     7 ||     8
 Cast: Foxfire           |    63 |    37 ||   100
       Conjure Flame     |       |     1 ||     1
  Use: Potion            |       |     1 ||     1
Armor: Robe              |     3 |     6 ||     9
Dodge: Dodged            |     7 |    23 ||    30

Table legend: (Time is in decaauts)
 A = Elapsed time spent in this place.
 B = Non-inter-level travel time spent in this place.
 C = Inter-level travel time spent in this place.
 D = Time resting spent in this place.
 E = Time spent auto-exploring this place.
 F = Levels seen in this place.
 G = Mean time per level.
                   A        B        C        D        E       F      G
               +--------+--------+--------+--------+--------+-----+--------+
         Total |   5057 |   4977 |     80 |   2842 |   1705 |   3 | 1685.7 |
       Dungeon |   5057 |   4977 |     80 |   2842 |   1705 |   3 | 1685.7 |
               +--------+--------+--------+--------+--------+-----+--------+

Top non-repeatable levels by time:
     D:1: 1820 daAuts
     D:2: 1628 daAuts
     D:3: 1607 daAuts
